cohdb
Replays
Latest Replays
All Replays
Popular Replays
Top Player Replays
Match Explorer
How It Works
Community
CoH3 Stats
Reddit
Sign in to upload your games and track your stats! →
Sign in with Steam
Match 30516069
Unlisted
Match 30516069
Overview
Messages
Build Orders
End
Construct Infanterie Kompanie
Grenadier Squad
Grenadier Squad
Selects Breakthrough Battlegroup
Selects Assault Grenadiers
MG 42 Machine Gun Team
Construct Panzergrenadier Kompanie
251 Medium Carrier
Selects Rapid Production
Panzergrenadier Squad
Pak 40 Anti-tank Gun Team
kristianjohnsen
Manhandler
Nuztad
whale
Weidmann
Snoopy
Akaxiya
iAinEng
0
0
Comments
sign in to comment!
No comments posted yet!